 Dungeon Crawl Stone Soup version 0.32-a0-42-ga30500b4d3 (webtiles) character file.

Game seed: 17717100122978581836

32503 acepyromaniac2 the Basher (level 13, 0/165 HPs)
             Began as a Minotaur Monk on Jan 28, 2024.
             Was a High Priest of Okawaru.
             Incinerated by a deep elf pyromancer (8 damage)
             ... with a pyre arrow
             ... in a volcano.
             The game lasted 01:17:35 (14066 turns).

acepyromaniac2 the Basher (Minotaur Monk)          Turns: 14066, Time: 01:17:35

Health: 0/165      AC: 19    Str: 20    XL:     13   Next: 31%
Magic:  14/19      EV: 15    Int:  7    God:    Okawaru [*****.]
Gold:   880        SH:  0    Dex: 16    Spells: 12/12 levels left

rFire   . . .        z - +2 war axe (flame)
rCold   + . .        d - orb {light}
rNeg    . . .        A - +0 swamp dragon scales
rPois   +            (helmet restricted)
rElec   .            (no cloak)
rCorr   +            u - +1 pair of gloves of Spring {Regen+ rCorr Dex+2 Stlth+}
SInv    .            U - +0 pair of boots
Will    .....        y - amulet of faith Stlth
                     I - ring of protection from cold
HPRegen 1.27/turn    t - +4 ring of protection
MPRegen 0.16/turn

%: faith
@: berserking, on fire, heroic, glowing, very quick
A: horns 2, retaliatory headbutt
a: Renounce Religion, Heroism, Finesse, Duel


You were in a volcano.
You worshipped Okawaru.
Okawaru was extremely pleased with you.
You visited 4 branches of the dungeon, and saw 15 of its levels.
You also visited: Ossuary and Volcano.

You collected 1550 gold pieces.
You spent 670 gold pieces at shops.

Inventory:

Hand Weapons
 z - a +2 war axe of flaming (weapon)
 R - a +0 executioner's axe
 V - a +0 morningstar
Missiles
 f - 3 silver javelins (quivered)
 i - 4 atropa-tipped darts
 p - 39 poisoned darts
 w - 2 javelins
 S - 2 throwing nets
 T - 11 boomerangs
 X - a curare-tipped dart
Armour
 d - an orb of light (worn)
 u - the +1 pair of gloves of Spring (worn) {Regen+ rCorr Dex+2 Stlth+}
   (Okawaru gifted it to you on level 11 of the Dungeon)

   Dex+2:     It affects your dexterity (+2).
   Regen+:    It increases your rate of health regeneration.
   rCorr:     It protects you from acid and corrosion.
   Stlth+:    It makes you more stealthy.
 A - +0 swamp dragon scales (worn)
 U - a +0 pair of boots (worn)
Jewellery
 b - the ring "Ruubb" {rPois MP+9}
   (You found it on level 11 of the Dungeon)

   [ring of poison resistance]

   rPois:     It protects you from poison MP+9: It affects your magic capacity
   (+9).
 o - a ring of positive energy
 t - a +4 ring of protection (right hand)
 y - an amulet of faith (around neck)
 I - a ring of protection from cold (left hand)
 M - a ring of protection from cold
Wands
 l - a wand of iceblast (21)
 v - a wand of digging (5)
 N - a wand of quicksilver (11)
 Q - a wand of flame (36)
Scrolls
 a - a scroll of enchant armour
 e - 5 scrolls of teleportation
 g - a scroll of blinking
 j - a scroll of identify
 k - 2 scrolls of fear {unknown}
 m - a scroll of butterflies {unknown}
 n - 2 scrolls of revelation
 G - a scroll of poison
 H - 2 scrolls of fog {unknown}
 K - 2 scrolls of vulnerability {unknown}
 P - 2 scrolls of immolation {unknown}
 Y - 2 scrolls of enchant weapon
 Z - a scroll of amnesia {unknown}
Potions
 c - 3 potions of ambrosia
 h - 2 potions of magic
 r - 3 potions of enlightenment
 D - 2 potions of might
 E - 2 potions of invisibility
 F - a potion of haste
 J - a potion of berserk rage
 L - a potion of brilliance
 W - a potion of cancellation


   Skills:
 + Level 8.9(13.9) Fighting
 - Level 13.6(21.0) Axes
 - Level 13.7(21.0) Maces & Flails
 - Level 9.8(14.8) Throwing
 + Level 7.9(12.9) Armour
 - Level 3.2(8.2) Dodging
 - Level 9.8 Invocations


You had 12 spell levels left.
You didn't know any spells.
Your spell library contained the following spells:

 Spells                   Type           Power      Damage    Failure   Level
 Freeze                   Ice            0%         1d3       56%         1
 Magic Dart               Conj           0%         1d3       56%         1
 Searing Ray              Conj           0%         2d4       71%         2
 Sublimation of Blood     Necr           0%         N/A       71%         2
 Frozen Ramparts          Ice            0%         1d1       90%         3
 Hailstorm                Conj/Ice       0%         3d5       90%         3
 Anguish                  Hex/Necr       0%         N/A       100%        4
 Cause Fear               Hex            0%         N/A       100%        4
 Fulminant Prism          Conj/Alch      0%         3d5       100%        4
 Petrify                  Alch/Erth      0%         N/A       100%        4
 Irradiate                Conj/Alch      0%         3d11      100%        5
 Enfeeble                 Hex            0%         N/A       100%        7
 Summon Small Mammal      Summ           Unusable   N/A       N/A         1
 Call Canine Familiar     Summ           Unusable   N/A       N/A         3
 Summon Blazeheart Golem  Fire/Summ      Unusable   N/A       N/A         4

Dungeon Overview and Level Annotations

Branches:
Dungeon (11/15)            Temple (1/1) D:7            Lair (1/5) D:11
    Orc (2/2) D:9             Elf (0/3) Orc:2       Ossuary (visited)
Volcano (1/1)

Altars:
Ashenzari
Cheibriados
Dithmenos
Elyvilon
Fedhas
Gozag
Hepliaklqana
Kikubaaqudgha
Makhleb
Nemelex Xobeh
Okawaru
Qazlal
Ru
Sif Muna
Trog
Uskayaw
Vehumet
Wu Jian
Xom
Yredelemnul
Zin
The Shining One

Shops:
D:2 (   D:8 :   D:10 (   Orc:1 =   Orc:2 *[!?

Annotations:
D:3 3 runed translucent doors, noobster's ghost, amateur TrFi


Innate Abilities, Weirdness & Mutations

You have a pair of horns on your head.
You reflexively headbutt those who attack you in melee.


Message History

The deep elf pyromancer misses you.
A red film seems to cover your vision as you go berserk!
Your finesse ends abruptly.
You feel yourself moving faster!
You feel mighty! The liquid fire burns you!
* * * LOW HITPOINT WARNING * * *
The hell hound misses you.
The deep elf pyromancer gestures at you while chanting.
The bolt of fire misses the fire elemental.
The bolt of fire hits the hell hound.
The hell hound completely resists.
The bolt of fire misses you.
The deep elf pyromancer mumbles some strange words.
The hell hound bites you.
* * * LOW HITPOINT WARNING * * *
You slash the deep elf pyromancer! You burn the deep elf pyromancer.
You kill the deep elf pyromancer!
Okawaru accepts your kill.
The fire elemental disappears in a puff of smoke!
You completely miss the hell hound. The liquid fire burns you!
* * * LOW HITPOINT WARNING * * *
You barely miss the hell hound. You headbutt the hell hound!
The hell hound is moderately wounded.
The liquid fire burns you!
* * * LOW HITPOINT WARNING * * *
The hell hound bites you.
* * * LOW HITPOINT WARNING * * *
You closely miss the hell hound. You headbutt the hell hound!
You kill the hell hound!
Okawaru accepts your kill. The liquid fire burns you!
* * * LOW HITPOINT WARNING * * *
You slash the deep elf pyromancer! You burn the deep elf pyromancer.
The deep elf pyromancer is moderately wounded.
The liquid fire burns you!
* * * LOW HITPOINT WARNING * * *
You barely miss the deep elf pyromancer.
You headbutt the deep elf pyromancer!
The deep elf pyromancer is heavily wounded.
The liquid fire burns you!
You die...

#...###≈§≈§#
#...###..○..###≈§§
#.#'#.#..§. #.###
###...#..○ #..∩#
#(....'.E####..∩#
#.e...####†.'.###
#E°e###...†.###≈≈≈
#e###.....###≈≈§§#
#@).#...###§≈≈≈###
#.≈.).###§§§≈###
#...###≈≈≈≈###
#.###§§§≈###
###§§≈≈###
#≈§§§### ≈≈§###
####


You could see 3 deep elf pyromancers and a fire elemental.

Vanquished Creatures
  Gastronok (D:11)
  An orc warlord (Orc:1)
  Josephine (D:10)
  Harold (D:10)
  A tengu warrior (D:10)
  2 two-headed ogres (D:11)
  2 boulder beetles
  2 orc high priests (Orc:2)
  A deep elf archer (Volcano)
  A deep elf pyromancer (Volcano)
  3 cyclopes (D:11)
  7 orc sorcerers
  3 ugly things
  A black mamba (Lair:1)
  2 gargoyles
  An unseen horror (D:11)
  Maggie (D:6)
  3 kobold demonologists
  3 komodo dragons
  5 trolls
  Prince Ribbit (D:6)
  4 shadows
  12 yaks
  8 wraiths
  A wyvern (D:9)
  3 fire elementals (Volcano)
  Grum (D:11)
  2 steam dragons
  A human (D:10)
  A basilisk (D:11)
  6 wargs
  A vampire mosquito (D:11)
  3 water moccasins
  4 hell hounds (Volcano)
  Duvessa (D:6)
  4 ice beasts
  A sky beast (D:7)
  21 orc warriors
  A black bear (D:6)
  4 wolves (D:11)
  7 ogres
  5 centaurs
  A phantom (D:5)
  5 kobold brigands
  3 bullfrogs
  A necrophage (D:10)
  2 gnoll sergeants
  5 wights (D:8)
  Dowan (D:6)
  15 killer bees
  2 howler monkeys
  2 bombardier beetles (D:5)
  3 hounds
  4 gnoll boudas
  21 orc priests
  Jessica (D:3)
  3 iguanas
  Ijyb (D:3)
  Natasha (thrice) (D:3)
  56 orc wizards
  A hound zombie (Ossuary)
  4 mummies (Ossuary)
  32 gnolls
  5 adders
  2 shadow imps
  A white imp (D:6)
  4 ufetubi
  An adder zombie (Ossuary)
  2 ribbon worms
  58 orcs
  4 endoplasms
  4 giant cockroaches
  9 goblins
  10 hobgoblins
  2 jackals (D:5)
  27 kobolds
  4 quokkas
  5 ball pythons
  5 frilled lizards
  A goblin zombie (Ossuary)
  2 hobgoblin zombies (Ossuary)
  A jackal zombie (Ossuary)
  2 kobold zombies (Ossuary)
  An orc zombie (Ossuary)
  6 rats
  3 rat zombies (Ossuary)
459 creatures vanquished.

Notes
Turn   | Place    | Note
-------+----------+-------------------------------------------
     0 | D:1      | acepyromaniac2 the Minotaur Monk began the quest for the
                  | Orb.
     0 | D:1      | Reached XP level 1. HP: 19/19 MP: 0/0
   149 | D:1      | Reached XP level 2. HP: 17/26 MP: 1/1
   714 | D:1      | Reached skill level 5 in Maces & Flails
   944 | D:2      | Reached XP level 3. HP: 29/31 MP: 2/2
  1336 | D:2      | Found Vadabliff's Antique Weapon Shop.
  1659 | D:2      | Reached XP level 4. HP: 36/39 MP: 3/3
  1809 | D:3      | Noticed Jessica
  1814 | D:3      | Killed Jessica
  1832 | D:3      | Found a broken altar of Ashenzari.
  1868 | D:3      | Reached XP level 5. HP: 44/45 MP: 4/4
  1933 | D:3      | Noticed Natasha
  1945 | D:3      | Killed Natasha
  2112 | D:3      | Found a runed translucent gate.
  2112 | D:3      | Found a runed translucent gate.
  2112 | D:3      | Found a runed translucent gate.
  2124 | D:3      | Noticed noobster's ghost (amateur TrFi)
  2142 | D:3      | Found a faded altar of an unknown god.
  2222 | D:3      | Noticed Natasha
  2233 | D:3      | Killed Natasha
  2264 | D:3      | Noticed Ijyb
  2270 | D:3      | Killed Ijyb
  2271 | D:3      | Reached XP level 6. HP: 36/51 MP: 5/5
  2523 | D:3      | Noticed Natasha
  2528 | D:3      | Killed Natasha
  3009 | D:4      | You fall into a shaft and drop 3 floors!
  3060 | D:6      | Noticed Duvessa
  3060 | D:6      | Noticed Dowan
  3065 | D:7      | Noticed an ice beast
  3071 | D:7      | Killed an ice beast
  3072 | D:7      | Reached XP level 7. HP: 35/57 MP: 6/6
  3202 | D:7      | Found a staircase to the Ecumenical Temple.
  3208 | Temple   | Entered the Ecumenical Temple
  3256 | Temple   | Became a worshipper of Warmaster Okawaru
  3256 | Temple   | Reached * piety under Okawaru
  3256 | Temple   | Reached ** piety under Okawaru
  3297 | D:7      | Reached skill level 10 in Maces & Flails
  3610 | D:7      | Reached XP level 8. HP: 64/64 MP: 7/7
  3765 | D:6      | Noticed Maggie
  3778 | D:6      | Killed Maggie
  3778 | D:6      | Reached *** piety under Okawaru
  3797 | D:6      | Noticed Prince Ribbit
  3805 | D:6      | Killed Prince Ribbit
  3806 | D:6      | HP: 3/64 [Duvessa/+2 short sword of electrocution (19)]
  3809 | D:6      | Killed Duvessa
  3820 | D:5      | Entered Level 5 of the Dungeon
  3989 | D:5      | Found an ornate altar of the Wu Jian Council.
  4118 | D:4      | Found a glowing golden altar of the Shining One.
  4120 | D:4      | Found an opulent altar of Gozag.
  4135 | D:4      | Reached skill level 1 in Axes
  4235 | D:4      | Found a white marble altar of Elyvilon.
  4238 | D:4      | Found a glowing silver altar of Zin.
  4245 | D:4      | Found a shadowy altar of Dithmenos.
  4431 | D:5      | Found a sand-covered staircase.
  4440 | Ossuary  | Entered an ossuary
  4673 | D:5      | Reached XP level 9. HP: 70/70 MP: 8/8
  4847 | D:5      | Reached skill level 5 in Axes
  5155 | D:5      | Found a sacrificial altar of Ru.
  5323 | D:6      | Killed Dowan
  5458 | D:6      | Found a bloodstained altar of Trog.
  5473 | D:6      | Reached **** piety under Okawaru
  5614 | D:6      | Identified the +4 spear "Pahao" {freeze, Str+4 Int+4 Dex-5}
  5967 | D:8      | Found the amulet of Elemental Vulnerability {rPois rF--
                  | rC-- AC+8}
  5996 | D:8      | Found Osoghohe's Tremendous Tomes.
  6315 | D:8      | Reached skill level 10 in Axes
  6482 | D:8      | Reached XP level 10. HP: 71/77 MP: 6/9
  7205 | D:9      | Found a staircase to the Orcish Mines.
  7657 | D:9      | Reached ***** piety under Okawaru
  7739 | D:10     | Entered Level 10 of the Dungeon
  7759 | D:10     | Noticed a gargoyle
  7766 | D:10     | Killed a gargoyle
  7911 | D:10     | Noticed Harold
  7933 | D:10     | Killed Harold
  7937 | D:10     | Reached skill level 1 in Throwing
  7937 | D:10     | Reached skill level 1 in Invocations
  8112 | D:10     | Noticed a cyan ugly thing
  8119 | D:10     | Killed a cyan ugly thing
  8405 | D:10     | Received a gift from Okawaru
  8413 | D:10     | Reached XP level 11. HP: 82/82 MP: 12/12
  8430 | D:10     | Found Faetrey's Antique Weapon Boutique.
  8466 | D:10     | Bought a runed great mace for 361 gold pieces
  8731 | D:10     | Noticed a boulder beetle
  8731 | D:10     | Noticed a tengu warrior
  8747 | D:10     | Killed a tengu warrior
  8970 | D:10     | Noticed Josephine
  8980 | D:10     | Killed Josephine
  8981 | D:10     | Reached skill level 5 in Throwing
  8981 | D:10     | Reached skill level 5 in Invocations
  8988 | D:10     | Received a gift from Okawaru
  9315 | D:10     | Noticed a sun demon
  9726 | D:10     | Killed a boulder beetle
 10052 | D:10     | Found a shimmering blue altar of Sif Muna.
 10266 | D:11     | Noticed a red ugly thing
 10266 | D:11     | Noticed a two-headed ogre
 10268 | D:11     | Noticed a cyan ugly thing
 10409 | D:11     | Noticed an orc sorcerer
 10410 | D:11     | Noticed an orc sorcerer
 10415 | D:11     | Killed an orc sorcerer
 10423 | D:11     | Killed an orc sorcerer
 10431 | D:11     | Identified the ring "Ruubb" {rPois MP+9}
 10600 | D:11     | Received a gift from Okawaru
 10821 | D:11     | Noticed Gastronok
 10861 | D:11     | Killed Gastronok
 10861 | D:11     | Reached ****** piety under Okawaru
 10861 | D:11     | Received a gift from Okawaru
 10862 | D:11     | Reached XP level 12. HP: 73/90 MP: 9/17
 10914 | D:11     | Noticed a two-headed ogre
 10914 | D:11     | Noticed a boulder beetle
 10940 | D:11     | Killed a two-headed ogre
 10960 | D:11     | Killed a boulder beetle
 11126 | D:11     | Killed a two-headed ogre
 11128 | D:11     | Acquired the +1 pair of gloves of Spring {Regen+ rCorr
                  | Dex+2 Stlth+}
 11128 | D:11     | Received a gift from Okawaru
 11247 | D:11     | Received a gift from Okawaru
 11379 | D:11     | Found a staircase to the Lair.
 11500 | D:11     | Identified the +2 helmet of Lust {rCorr}
 11546 | D:11     | Noticed Grum
 11553 | D:11     | Killed Grum
 11585 | D:11     | Noticed a vampire knight
 11690 | Orc:1    | Entered Level 1 of the Orcish Mines
 11712 | Orc:1    | Found Kotoleb's Jewellery Boutique.
 11831 | Orc:1    | Reached skill level 1 in Armour
 11899 | Orc:2    | Entered Level 2 of the Orcish Mines
 12342 | Orc:2    | Noticed an orc high priest
 12356 | Orc:2    | Killed an orc high priest
 12357 | Orc:2    | Reached skill level 5 in Fighting
 12367 | Orc:2    | Received a gift from Okawaru
 12540 | Orc:2    | Reached skill level 5 in Armour
 12595 | Orc:2    | Found a staircase to the Elven Halls.
 12698 | Orc:2    | Noticed an orc high priest
 12719 | Orc:2    | Killed an orc high priest
 12720 | Orc:2    | Reached XP level 13. HP: 37/105 MP: 15/19
 12855 | Orc:2    | Found Xod Tull's Distillery.
 12855 | Orc:2    | Found Baxaor Fati's Magic Scroll Emporium.
 12857 | Orc:2    | Found Memaul Esos's Armour Shoppe.
 12860 | Orc:2    | Found Sisox's General Store.
 12864 | Orc:2    | Bought a scroll of enchant weapon for 120 gold pieces
 12866 | Orc:2    | Bought a scroll of identify for 28 gold pieces
 12866 | Orc:2    | Bought a scroll of enchant armour for 105 gold pieces
 12866 | Orc:2    | Bought a scroll of identify for 28 gold pieces
 12866 | Orc:2    | Bought a scroll of identify for 28 gold pieces
 13195 | Orc:1    | Received a gift from Okawaru
 13213 | Orc:1    | Noticed an orc warlord
 13233 | Orc:1    | Killed an orc warlord
 13678 | Lair:1   | Entered Level 1 of the Lair of Beasts
 13953 | Lair:1   | Found a dark tunnel.
 13962 | Volcano  | Entered a volcano
 14059 | Volcano  | HP: 5/108 [hell hound/blast of flame (5)]
 14065 | Volcano  | HP: 7/165 [burnt (3)]
 14066 | Volcano  | Incinerated by a deep elf pyromancer

Illustrated notes

Levels and vault maps discovered:
D:1:      mrwooster_arrival_statue, layout_loops_corners
D:2:      layout_basic, serial_shops, shop
D:3:      minmay_angry_zag, layout_basic, ashenzari_conservatory_becter,
          gammafunk_ghost_necromancy, ebering_ecumenical_altar_webs,
          minmay_misc_feat_encased, interstate_on_off, serial_bayou_lake_a,
          uniq_natasha, uniq_jessica, uniq_ijyb
D:4:      layout_gridville, nicolae_overflow_hidden_temple
D:5:      layout_rooms, pdpol_wu_jian_five_deadly_venoms,
          nicolae_ru_the_path_less_chosen, mainiacjoe_ossuary_entry_dusty_tomb,
          dk_noncrumbling_2
D:6:      layout_gridville, mainiacjoe_overflow_small_starburst,
          serial_bayou_crossing, uniq_prince_ribbit1, uniq_maggie, uniq_duvessa
D:7:      layout_basic, minmay_temple_entry_sparse_star,
          hangedman_abyss_or_decor_stabs
D:8:      layout_loops_ring, blue_anna_alchemist, nicolae_shop_i_like_big_books
D:9:      layout_roguey, orc_0_dummy
D:10:     layout_loops_ring, kennysheep_orc_sif_temple, serial_shops, shop,
          nrook_mini_vaults, minivault_25_ag, grunt_ministairs_1,
          hangedman_stone_soup, uniq_josephine, uniq_harold
D:11:     minmay_the_grid_4x2 [minmay_the_grid_tri_star, minmay_the_grid_fan,
          minmay_the_grid_box_x, minmay_the_grid_large_cup,
          minmay_the_grid_embedded, minmay_the_grid_slots,
          minmay_the_grid_gridbox, minmay_the_grid_prize_diamond_cup],
          layout_basic, david_lair_shrubbed, chequers_serial_rivers_small_a,
          trog_butcher_becter, uniq_gastronok, uniq_grum, uniq_fannar
Temple:   nicolae_temple_no_exploring_needed
Lair:1:   layout_cave_pods, enter_volcano_1, chequers_serial_rivers_room_b,
          grunt_megastairs_4
Orc:1:    layout_diamond_mine, serial_shops, nicolae_shop_hallway_plus
Orc:2:    st_orc_mages, layout_caves
Volcano:  hellmonk_pyromancer_palace

Skill      XL: |  1  2  3  4  5  6  7  8  9 10 11 12 13 |
---------------+----------------------------------------+-----
Maces & Flails | 4 5 6 7 8 9 11 13 | 13.7
Axes           | 3 10 13 | 13.6
Throwing       | 3 8 9 |  9.8
Invocations    | 3 8 9 |  9.8
Armour         | 5 7 |  7.9
Fighting       | 7 8 |  8.9
Dodging        | |  3.2

Action                     |  1- 3 |  4- 6 |  7- 9 | 10-12 | 13-15 || total
---------------------------+-------+-------+-------+-------+-------++-------
  Melee: Mace              |    74 |    35 |       |       |       ||   109
         Headbutt          |    16 |    20 |    58 |   175 |    45 ||   314
         Flail             |       |    53 |    72 |       |       ||   125
         War axe           |       |       |   173 |   619 |   153 ||   945
  Throw: Dart              |       |     4 |     3 |       |       ||     7
         Javelin           |       |       |       |     7 |     5 ||    12
         Throwing net      |       |       |       |       |     1 ||     1
 Invoke: Heroism           |       |       |     6 |    10 |     1 ||    17
         Finesse           |       |       |       |     6 |     2 ||     8
         Receive Armour    |       |       |       |     1 |       ||     1
    Use: Scroll            |       |     6 |     1 |     8 |     3 ||    18
         Potion            |       |       |     4 |     2 |     4 ||    10
   Stab: Held in net/web   |       |       |       |       |     2 ||     2
 Armour: Robe              |    34 |       |       |       |       ||    34
         Ring mail         |     4 |    15 |       |       |       ||    19
         Chain mail        |       |    33 |    58 |       |       ||    91
         Swamp dragon scal |       |       |   101 |   339 |   110 ||   550
  Dodge: Dodged            |    35 |    21 |   145 |   229 |    50 ||   480

Table legend: (Time is in decaauts)
 A = Elapsed time spent in this place.
 B = Non-inter-level travel time spent in this place.
 C = Inter-level travel time spent in this place.
 D = Time resting spent in this place.
 E = Time spent auto-exploring this place.
 F = Levels seen in this place.
 G = Mean time per level.
                   A        B        C        D        E       F      G
               +--------+--------+--------+--------+--------+-----+--------+
         Total |  13798 |  13553 |    245 |   3782 |   4822 |  17 |  811.6 |
       Dungeon |  11584 |  11340 |    244 |   3432 |   4546 |  11 | 1053.1 |
        Temple |     55 |     55 |      0 |      0 |      0 |   1 |   55.0 |
          Lair |    278 |    278 |      0 |      0 |      0 |   1 |  278.0 |
  Orcish Mines |   1642 |   1642 |      0 |    335 |    276 |   2 |  821.0 |
       Ossuary |    158 |    158 |      0 |      0 |      0 |   1 |  158.0 |
       Volcano |     79 |     79 |      0 |     15 |      0 |   1 |   79.0 |
               +--------+--------+--------+--------+--------+-----+--------+

Top non-repeatable levels by time:
    D:10: 2530 daAuts
    D:11: 1379 daAuts
   Orc:2: 1187 daAuts
     D:9: 1009 daAuts
     D:3: 998 daAuts
     D:1: 945 daAuts
     D:8: 941 daAuts
     D:5: 876 daAuts
     D:2: 841 daAuts
     D:7: 768 daAuts
     D:4: 688 daAuts
     D:6: 603 daAuts
   Orc:1: 454 daAuts
  Lair:1: 278 daAuts
 Ossuary: 158 daAuts
